 Dungeon Crawl Stone Soup version 0.26.1-11-gd32895ea62 (webtiles) character file.

Game seed: 8320587560661653328

63 Zeld the Cudgeller (level 4, 0/28 HPs)
             Began as a Tengu Monk on June 9, 2021.
             Killed from afar by Natasha (6 damage)
             ... with a magic dart
             ... on level 1 of the Dungeon.
             The game lasted 00:01:25 (2111 turns).

Zeld the Cudgeller (Tengu Monk)                     Turns: 2111, Time: 00:01:25

Health: 0/28       AC:  3    Str: 13    XL:     4   Next: 10%
Magic:  5/5        EV: 14    Int: 10    God:
Gold:   41         SH:  0    Dex: 16    Spells: 3/3 levels left

rFire    . . .     SeeInvis .   a - +0 mace
rCold    . . .     Faith    .   (no shield)
rNeg     . . .     Spirit   .   b - +0 robe
rPois    .         Reflect  .   (helmet restricted)
rElec    .         Harm     .   (no cloak)
rCorr    .         Rampage  .   d - +0 pair of gloves
Will     .....                  (boots unavailable)
Stlth    ++........             (no amulet)
HPRegen  0.09/turn              (no ring)
MPRegen  0.09/turn              (no ring)

@: no status effects
A: beak, talons 3
a: no special abilities


You were on level 1 of the Dungeon.
You visited 1 branch of the dungeon, and saw 2 of its levels.

You collected 41 gold pieces.

Inventory:

Hand Weapons
 a - a +0 mace (weapon)
Missiles
 j - 12 poisoned darts (quivered)
Armour
 b - a +0 robe (worn)
 d - a +0 pair of gloves (worn)
Jewellery
 f - an uncursed ring of fire {unknown}
Scrolls
 c - a scroll of amnesia {unknown}
 g - a scroll of enchant weapon {unknown}
 i - a scroll of teleportation {unknown}
 k - a scroll of identify {unknown}
 l - a scroll of blinking {unknown}
Potions
 e - a potion of haste {unknown}
 h - 2 potions of lignification {unknown}


   Skills:
 + Level 3.5 Fighting
 * Level 4.4 Maces & Flails
 * Level 0.0 Throwing
 + Level 3.8 Dodging
 - Level 2.0 Stealth


You had 3 spell levels left.
You didn't know any spells.
Your spell library was empty.

Dungeon Overview and Level Annotations

Branches:
Dungeon (2/15)

Altars:

Annotations:
D:1 Natasha


Innate Abilities, Weirdness & Mutations

You have a beak for a mouth.
You have claws for feet.


Message History

You throw a poisoned dart. The poisoned dart hits Natasha.
Natasha is poisoned.
Natasha zaps a wand.
The puff of flame hits you!
You throw a poisoned dart. The poisoned dart hits Natasha.
You throw a poisoned dart. The poisoned dart hits Natasha.
Natasha is lightly wounded.
Natasha casts a spell at you. The magic dart hits you!
You are too injured to fight recklessly!
Natasha claws you.
* * * LOW HITPOINT WARNING * * *
You closely miss Natasha. Your peck misses Natasha.
Natasha is moderately wounded.
Natasha claws you.
* * * LOW HITPOINT WARNING * * *
Unknown command.
You closely miss Natasha. You peck Natasha.
Natasha is moderately wounded.
Natasha stares at you and mumbles some strange words.
The magic dart hits you.
You die...

#.#.## #.*#.[.,,,,,,,*
..##.##########*.##..*******,*
..###..........,.....* *,*
..##.########.#*#.#.#* *,*
..#.).........* #.#.# *,*
.....#.######.###.#.# *,*
....##.# ###...#..###### *,*
.#.###.#####.(...........# *(*
.#...........##h@#.#####.# *,*
.#..##...###.##..#.# #.# *,*
##..##..##)#.##..#.# #.# *,*
#..#..##.##.##..#.# #.# *,*
*..#....##...#).#.# #.# *,*
**(.##...#.......#.# #.# *,*
*,,,*##.......#.##.# #.# *,*
*,*,,*##..##..#.##.# #.# *,*
*,*,..######..#.##.# #.# *,*


You could see Natasha (poisoned).

Vanquished Creatures
  Natasha (D:1)
  An ooze (D:1)
  2 dart slugs (D:1)
  2 leopard geckos (D:1)
  3 bats (D:1)
  2 giant cockroaches (D:1)
  4 goblins (D:1)
  5 hobgoblins (D:1)
  A jackal (D:1)
  5 rats (D:1)
26 creatures vanquished.

Notes
Turn   | Place    | Note
-------+----------+-------------------------------------------
     0 | D:1      | Zeld the Tengu Monk began the quest for the Orb.
     0 | D:1      | Reached XP level 1. HP: 14/14 MP: 2/2
   153 | D:1      | Reached XP level 2. HP: 7/19 MP: 3/3
   626 | D:1      | Reached XP level 3. HP: 11/23 MP: 4/4
   627 | D:1      | Reached skill level 4 in Maces & Flails
  1538 | D:2      | Noticed Natasha
  1548 | D:1      | Killed Natasha
  1549 | D:1      | Reached XP level 4. HP: 3/28 MP: 5/5
  2102 | D:1      | Noticed Natasha
  2111 | D:1      | Killed from afar by Natasha

Illustrated notes

Levels and vault maps discovered:
D:1:      kennysheep_arrival_seaside, layout_loops_ring, minmay_cupped
D:2:      layout_basic, uniq_terence, uniq_natasha

Skill      XL: |  1  2  3 |
---------------+----------+-----
Maces & Flails | 4 |  4.4
Fighting       | |  3.5
Dodging        | |  3.8
Stealth        | |  2.0

Action                   |  1- 3 |  4- 6 || total
-------------------------+-------+-------++-------
Melee: Mace              |    65 |     2 ||    67
       Kick              |    12 |       ||    12
       Peck              |     3 |     1 ||     4
Throw: Dart              |       |     3 ||     3
 Stab: Sleeping          |     4 |       ||     4
Armor: Robe              |     8 |       ||     8
Dodge: Dodged            |    52 |       ||    52
